 Dungeon Crawl Stone Soup version 0.31.0-11-ge490571c62 (webtiles) character file.

Game seed: 7720018324890707325

148 sanka the Insei (level 5, -1/47 HPs)
             Began as a Draconian Monk on Jan 27, 2024.
             Was an Elder of Elyvilon.
             Incinerated by a bombardier beetle (6 damage)
             ... with a burning spray
             ... on level 4 of the Dungeon.
             The game lasted 00:03:00 (2629 turns).

sanka the Insei (Draconian Monk)                    Turns: 2629, Time: 00:03:00

Health: -1/47      AC:  6    Str: 14    XL:     5   Next: 8%
Magic:  5/5        EV: 13    Int: 10    God:    Elyvilon [****..]
Gold:   129        SH:  0    Dex: 18    Spells: 4/4 levels left

rFire   . . .        i - +9 dagger "Lijavewa" {heavy, Fly Dex+3}
rCold   . . .        b - orb {light}
rNeg    . . .        (body armour unavailable)
rPois   .            (helmet restricted)
rElec   .            (no cloak)
rCorr   .            (no gloves)
SInv    .            n - +0 pair of boots
Will    .....        (no amulet)
Stlth   +            (no ring)
HPRegen 0.27/turn    (no ring)
MPRegen 0.09/turn

%: no passive effects
@: confused, lethally poisoned (-1 -> -7), on fire, ambrosia-drunk, flying,
glowing
A: AC +5, unfitting armour, cold-blooded
a: Renounce Religion, Purification, Heal Other, Heal Self


You were on level 4 of the Dungeon.
You worshipped Elyvilon.
Elyvilon was greatly pleased with you.
You visited 1 branch of the dungeon, and saw 4 of its levels.

You collected 129 gold pieces.


Innate Abilities, Weirdness & Mutations

Your plain brown scales are hard. (AC +5)
You cannot fit into any form of body armour.
You are cold-blooded and may be slowed by cold attacks.


   Skills:
 + Level 4.5 Fighting
 + Level 3.2 Dodging
 + Level 4.6 Unarmed Combat


You had 4 spell levels left.
You didn't know any spells.
Your spell library was empty.

Inventory:

Hand Weapons
 i - the +9 dagger "Lijavewa" (weapon) {heavy, Fly Dex+3}

   Dex+3:     It affects your dexterity (+3).
   Fly:       It grants you flight.
Armour
 b - an orb of light (worn)
 n - a +0 pair of boots (worn)
 q - a +2 pair of boots
Jewellery
 r - an amulet of faith
Scrolls
 c - 3 scrolls of poison {unknown}
 e - 2 scrolls of identify {unknown}
 j - a scroll of noise {unknown}
 k - a scroll of enchant armour {unknown}
 o - 3 scrolls of immolation {unknown}
 s - a scroll of enchant weapon {unknown}
Potions
 d - 2 potions of curing {unknown}
 f - a potion of degeneration {unknown}
 g - a potion of attraction {unknown}
 h - a potion of heal wounds {unknown}
 l - a potion of lignification {unknown}
 m - a potion of invisibility {unknown}
 p - 3 potions of brilliance {unknown}
 t - a potion of enlightenment {unknown}

Dungeon Overview and Level Annotations

Branches:
Dungeon (4/15)
 Temple: D:4-7

Altars:
Elyvilon
Kikubaaqudgha

Annotations:
D:3 2 runed translucent doors, sanka's ghost, weakling MiFi

▒.▒ ..▒ ..▒
▒▒.▒▒... ...... .
▒..▒▒..▒ ......
.▒......▒▒ ....>.
...▒▒...▒▒...... ..
▒............).
...▒ds.........▒▒
▒.$▒▒......)....▒ ▒
▒............▒
▒.............▒▒
▒▒.▒▒.▒........▒▒▒
▒....▒▒▒...).......
▒.....▒...▒▒.▒.▒..▒
▒▒.......▒▒▒▒▒▒▒▒.▒
▒.......▒▒▒▒▒ ..▒


You could see a scorpion.


Message History

Your tail-slap misses the scorpion.
The scorpion is moderately wounded.
The liquid fire burns you!
* * * LOW HITPOINT WARNING * * *
Elyvilon protects you from harm! The scorpion stings you.
* * * LOW HITPOINT WARNING * * *
You are more poisoned.
The scorpion poisons you!
The scorpion stings you but does no damage.
Okay, then.
You are confused.
You feel invigorated. The liquid fire burns you!
Elyvilon protects you from harm!
* * * LOW HITPOINT WARNING * * *
You feel sick. The scorpion closely misses you.
Unknown command.
You bump into the rock wall.
The liquid fire burns you! Elyvilon protects you from harm!
* * * LOW HITPOINT WARNING * * *
You feel sick.
The scorpion stings you but does no damage.
Unknown command.
You barely miss the scorpion.
The scorpion is moderately wounded.
The liquid fire burns you!
You die...

Action                     |  1- 3 |  4- 6 || total
---------------------------+-------+-------++-------
  Melee: Unarmed           |    86 |       ||    86
         Tailslap          |    19 |     1 ||    20
         Dagger            |    24 |    18 ||    42
    Use: Potion            |       |     1 ||     1
 Armour: Skin              |    45 |    12 ||    57
  Dodge: Dodged            |    60 |    13 ||    73

Levels and vault maps discovered:
D:1:      lightli_arrival_lavapool, layout_basic
D:2:      layout_basic, chequers_ecumenical_altar_lobes, grunt_ministairs_4
D:3:      layout_loops_corners, kiku_gazebo_garden_becter, ebering_ghost_sewer_f
D:4:      layout_cave_pools, portal_sewer_entry_f

Notes
Turn   | Place    | Note
-------+----------+-------------------------------------------
     0 | D:1      | sanka the Draconian Monk began the quest for the Orb.
     0 | D:1      | Reached XP level 1. HP: 19/19 MP: 1/1
    65 | D:1      | Reached XP level 2. HP: 27/27 MP: 2/2
   246 | D:1      | Reached skill level 4 in Fighting
   313 | D:1      | Reached XP level 3. HP: 33/33 MP: 3/3
   434 | D:1      | Reached skill level 4 in Unarmed Combat
   933 | D:2      | Identified the +9 dagger "Lijavewa" {heavy, Fly Dex+3}
  1142 | D:2      | Found a faded altar of an unknown god.
  1148 | D:2      | Prayed at the altar of an unknown god.
  1148 | D:2      | Became a worshipper of Elyvilon the Healer
  1148 | D:2      | Reached * piety under Elyvilon
  1148 | D:2      | Reached ** piety under Elyvilon
  1310 | D:2      | Reached *** piety under Elyvilon
  1777 | D:3      | Found an ancient bone altar of Kikubaaqudgha.
  1825 | D:3      | Reached XP level 4. HP: 40/40 MP: 4/4
  1836 | D:3      | Reached skill level 3 in Dodging
  2146 | D:3      | Found a runed translucent door.
  2148 | D:3      | Noticed sanka's ghost (weakling MiFi)
  2288 | D:3      | Found a runed translucent door.
  2611 | D:4      | Reached **** piety under Elyvilon
  2616 | D:4      | Noticed a scorpion
  2625 | D:4      | Reached XP level 5. HP: 25/47 MP: 5/5
  2626 | D:4      | HP: 2/47 [burnt (8)]
  2626 | D:4      | Elyvilon protects you from harm!
  2627 | D:4      | Elyvilon protects you from harm!
  2628 | D:4      | Elyvilon protects you from harm!
  2629 | D:4      | Incinerated by a bombardier beetle

Vanquished Creatures
  2 bombardier beetles
  A gnoll (D:1)
  4 dart slugs
  An orc (D:3)
  5 ball pythons
  5 bats
  4 endoplasms (D:1)
  3 giant cockroaches
  3 goblins
  6 hobgoblins
  3 jackals (D:2)
  A quokka (D:1)
  2 frilled lizards (D:1)
  8 kobolds
  10 rats
58 creatures vanquished.
